 Dungeon Crawl Stone Soup version 0.27-a0-1184-ge86db4a01e (webtiles) character file.

Game seed: 5125390340454045939

136710 noodleboyJ the Peltast (level 16, -14/204 HPs)
             Began as a White Draconian Chaos Knight on May 18, 2021.
             Was a Plaything of Xom.
             Demolished by a frost giant
             ... wielding a +1 battleaxe of freezing
              (21 damage)
             ... in an ice cave.
             The game lasted 01:30:07 (23424 turns).

noodleboyJ the Peltast (DrCK)                      Turns: 23424, Time: 01:30:08

Health: -14/204    AC: 28    Str: 24      XL:     16   Next: 67%
Magic:  20/20      EV:  2    Int: 15 (16) God:    Xom [......]
Gold:   2186       SH: 16    Dex: 15 (16) Spells: 16/20 levels left

rFire    + + +     SeeInvis +   q - +8 spear of Ublumaat {venom, rPois rN+}
rCold    + + .     Faith    .   c - +1 kite shield "Afynaocw" {Str+4}
rNeg     + + +     Spirit   .   (armour unavailable)
rPois    +         Reflect  .   (helmet currently unavailable)
rElec    .         Harm     .   (cloak currently unavailable)
rCorr    +         Rampage  .   (gloves currently unavailable)
Will     +....     NoTele   +   (boots currently unavailable)
Stlth    ++++......             p - amulet of regeneration
HPRegen  1.44/turn              s - ring "Zaboco" {rPois rF+ rC+ rCorr Dex-3}
MPRegen  0.17/turn              L - ring of Fyagaes {Drain +Blink rF++ rC+ Dex+6}

@: tree-form, studying Earth Magic
A: stationary, stasis, torment immunity, boosted hp, (breathe frost), AC +9,
unfitting armour, (cold resistance 1), (cold-blooded), see invisible, agile 1,
clever 1, deterioration 1, MP-powered wands
a: Renounce Religion, Evoke Blink


You were in an ice cave.
You worshipped Xom.
You were a very special plaything of Xom.
You were a tree.
You visited 3 branches of the dungeon, and saw 22 of its levels.
You also visited: Sewer, Bailey, Ice Cave and Volcano.

You collected 2370 gold pieces.
You spent 184 gold pieces at shops.

Inventory:

Hand Weapons
 q - the +8 spear of Ublumaat (weapon) {venom, rPois rN+}
   (You bought it in a shop on level 3 of the Dungeon)

   It poisons the flesh of those it strikes.
   It protects you from poison.
   It protects you from negative energy.
 H - the +6 spear of Benevolence {antimagic, rPois rF++}
   (You found it on level 10 of the Dungeon)

   It reduces the magical energy of the wielder, and disrupts the spells and
   magical abilities of those hit.
   Natural abilities and divine invocations are not affected.
   It greatly protects you from fire.
   It protects you from poison.
Missiles
 a - 10 curare-tipped darts
 l - 11 silver javelins
 m - 7 javelins
 w - 3 throwing nets
 T - 3 atropa-tipped darts
Armour
 c - the +1 kite shield "Afynaocw" (worn) {Str+4}
   (You acquired it on level 1 of the Dungeon)

   It affects your strength (+4).
 f - a +1 pair of boots (melded)
 i - a +1 pair of gloves (melded)
 R - a +2 cloak of fire resistance (melded)
 V - a +2 hat (melded)
Jewellery
 d - an amulet of faith
 p - an amulet of regeneration (around neck)
 s - the ring "Zaboco" (left branch) {rPois rF+ rC+ rCorr Dex-3}
   (You took it off a meliai on level 5 of the Lair of Beasts)

   [ring of protection from fire]

   It affects your dexterity (-3).
   It protects you from fire.
   It protects you from cold.
   It protects you from poison.
   It protects you from acid and corrosion.
 L - the ring of Fyagaes (right branch) {Drain +Blink rF++ rC+ Dex+6}
   (Xom gifted it to you on level 1 of the Lair of Beasts)

   [ring of dexterity]

   It affects your dexterity (+6).
   It greatly protects you from fire.
   It protects you from cold.
   It lets you blink.
   It drains your maximum health when unequipped.
 S - a ring of positive energy
 W - an amulet of reflection
Wands
 g - a wand of digging (5)
 t - a wand of flame (42)
 A - a wand of paralysis (19)
 F - a wand of iceblast (7)
 M - a wand of polymorph (9)
 U - a wand of mindburst (10)
Scrolls
 b - 12 scrolls of teleportation
 h - 5 scrolls of fog
 j - 5 scrolls of fear
 n - 2 scrolls of magic mapping
 u - 3 scrolls of enchant weapon
 v - a scroll of holy word
 z - 7 scrolls of identify
 D - 5 scrolls of amnesia
 Y - a scroll of brand weapon
Potions
 e - 8 potions of curing
 o - 4 potions of lignification
 E - a potion of might
 I - 2 potions of haste
 J - a potion of ambrosia
 K - 2 potions of magic
 N - 2 potions of brilliance
 P - 2 potions of flight
 Q - 3 potions of cancellation
Miscellaneous
 G - a box of beasts
 X - a phantom mirror


   Skills:
 + Level 10.8 Fighting
 * Level 15.5 Polearms
 * Level 2.1 Throwing
 + Level 10.0 Dodging
 + Level 9.3 Stealth
 * Level 16.0 Shields
 + Level 2.9 Spellcasting
 * Level 0.8 Hexes
 * Level 1.0 Fire Magic
 + Level 3.5 Evocations


You had 16 spell levels left.
You knew the following spells:

 Your Spells              Type           Power      Damage    Failure   Level
a - Apportation           Tloc           4%         N/A       21%         1
b - Inner Flame           Hex/Fire       5%         N/A       38%         3

Your spell library contained the following spells:

 Spells                   Type           Power      Damage    Failure   Level
 Foxfire                  Conj/Fire      12%        2x1d4     16%         1
 Freeze                   Ice            8%         1d3       21%         1
 Tukima's Dance           Hex            4%         N/A       38%         3
 Conjure Flame            Conj/Fire      3%         6-21      43%         3
 Frozen Ramparts          Ice            4%         1d2       52%         3
 Lesser Beckoning         Tloc           1%         N/A       52%         3
 Ozocubu's Armour         Ice            2%         N/A       52%         3
 Sticky Flame             Conj/Fire      3%         2d3       85%         4
 Hailstorm                Conj/Ice       2%         3d3       90%         4
 Summon Lightning Spire   Summ/Air       2%         N/A       90%         4
 Alistair's Intoxication  Tmut/Pois      1%         N/A       99%         5
 Fireball                 Conj/Fire      1%         3d3       99%         5
 Metabolic Englaciation   Hex/Ice        1%         N/A       99%         5
 Silence                  Hex/Air        1%         N/A       99%         5
 Conjure Ball Lightning   Conj/Air       1%         3x3d6     100%        6
 Invisibility             Hex            4%         N/A       100%        6
 Tornado                  Air            1%         N/A       100%        9


Dungeon Overview and Level Annotations

Branches:
Dungeon (14/15)            Temple (0/1) D:4            Lair (6/6) D:11
  Swamp (0/4) Lair:2        Snake (0/4) Lair:2        Slime (0/5) Lair:5
    Orc (2/2) D:12            Elf (0/3) Orc:2         Sewer (visited)
 Bailey (visited)           IceCv (1/1)             Volcano (visited)
 Vaults: D:13-14

Altars:
Ashenzari
Elyvilon
Fedhas
Gozag
Hepliaklqana
Kikubaaqudgha
Makhleb
Nemelex Xobeh
Qazlal
Ru
Sif Muna
Trog
Vehumet
Wu Jian
Xom
Yredelemnul

Shops:
D:3 (   D:5 !**   D:13 *

Portals:
Trove: D:12 (give 6 scrolls of fear)

Annotations:
D:6 1 runed translucent door, MikuNakano's ghost, novice OpFi
D:7 1 runed translucent door, avis's ghost, novice HOMo
D:9 1 exclusion
Lair:1 2 transporters, Zihiad's ghost, journeyman DgTm
Lair:4 exclusion: oklob plant


Innate Abilities, Weirdness & Mutations

You are a tree.
Your roots penetrate the ground, keeping you stationary.
You cannot be teleported.
You are immune to unholy pain and torment.
Your maximum health is greatly increased.
Your equipment is partially melded.
((You can breathe waves of freezing cold which knock back foes.))
((Your icy white scales are hard. (AC +9)))
You cannot fit into any form of body armour.
((Your flesh is cold resistant. (rC+)))
((You are cold-blooded and may be slowed by cold attacks.))
You have supernaturally acute eyesight. (SInv)
You are agile. (Dex +2)
Your mind is acute. (Int +2)
Your body sometimes deteriorates upon taking damage.
You expend magic power (3 MP) to strengthen your wands.


Message History

You block the polar bear's attack. x2; The yak gores you but does no damage. x2
The polar bear is engulfed in freezing vapours.
The polar bear bites you but does no damage.
You block the polar bear's attack.
The polar bear claws you but does no damage.
The yak gores you but does no damage. x2
The frost giant hits you with a +1 battleaxe of freezing!!
* * * LOW HITPOINT WARNING * * *
The frost giant freezes you.
* * * LOW HITPOINT WARNING * * *
The death yak is engulfed in freezing vapours.
You barely miss the frost giant.
The frost giant is heavily wounded.
The polar bear bites you but does no damage.
You block the polar bear's attack. The polar bear barely misses you.
You block the polar bear's attack.
The polar bear claws you but does no damage. x2
The yak gores you but does no damage. x2
The polar bear is engulfed in freezing vapours.
The yak gores you but does no damage.
You puncture the frost giant!
The frost giant looks as sick as possible!
The frost giant is severely wounded.
The yak gores you but does no damage.
The frost giant hits you but does no damage.
Unknown command.
You hit the frost giant.
The frost giant is severely wounded.
You block the polar bear's attack. x3; The yak gores you but does no damage. x3
The polar bear bites you.
* * * LOW HITPOINT WARNING * * *
The polar bear claws you but does no damage. x2
Unknown command.
You hit the frost giant but do no damage.
The frost giant looks as sick as possible!
The frost giant is severely wounded.
You block the yak's attack.
The frost giant hits you with a +1 battleaxe of freezing!!
You die...
Xom is highly amused!

####
#..#
##Y.##
#YYY.##
#h♣h..#
#hYC#..#
##..##
..# #..#
.# #.#
Y# #.##
# ##.#
##.#
#≈.#


You could see a frost giant (extremely poisoned), a death yak (confused, very
poisoned), 3 polar bears and 5 yaks.

Vanquished Creatures
  Rupert (D:13)
  Azrael (D:13)
  Nessos (D:13)
  A fire dragon (Lair:6)
  Fannar (Lair:2)
  7 hydras
  Harold (D:8)
  A boulder beetle (D:11)
  3 centaur warriors
  2 catoblepae
  An anaconda (D:9)
  A tengu warrior (D:9)
  6 two-headed ogres
  2 hell hogs (Volcano)
  A deep troll earth mage (D:13)
  A death yak (Lair:5)
  A swamp dragon (Lair:6)
  Pikel (D:6)
  A lindwurm (Lair:4)
  2 deep elf pyromancers
  4 orc knights
  4 orc sorcerers
  2 salamanders (Volcano)
  A wolf spider (Lair:6)
  An ugly thing (D:10)
  An oklob plant (D:10)
  A cyclops (D:13)
  3 manticores
  11 black mambas
  20 elephants
  17 cane toads
  2 unseen horrors
  Maggie (D:8)
  An ice statue (IceCv)
  A gargoyle (D:6)
  13 komodo dragons
  A kobold demonologist (D:9)
  6 rime drakes
  A tengu conjurer (D:9)
  A queen bee (Lair:5)
  12 polar bears
  3 meliai (Lair:5)
  4 trolls
  17 blink frogs
  2 hornets (Lair:6)
  4 slime creatures (D:12)
  A fire elemental (D:13)
  2 redbacks (Lair:6)
  47 yaks
  14 wyverns
  A shadow (D:9)
  A vampire (D:9)
  A wraith (D:12)
  10 basilisks
  2 fire bats (Volcano)
  11 vampire mosquitoes
  Menkaure (D:4)
  6 steam dragons
  A naga (Lair:2)
  2 acid dragons
  8 wargs
  A harpy simulacrum (D:13)
  24 water moccasins
  An acid dragon (shapeshifter) (Lair:5)
  2 hell hounds (D:13)
  A sky beast (D:5)
  A hornet zombie (D:9)
  3 swamp drakes
  2 ice beasts
  2 black bears
  17 orc warriors
  3 necrophages
  18 wolves
  13 centaurs
  6 ogres
  A lemure (D:6)
  2 phantoms
  6 kobold brigands
  A gnoll sergeant (D:9)
  16 bullfrogs
  2 scorpions
  A water moccasin zombie (D:7)
  A wyvern skeleton (D:7)
  A water moccasin skeleton (D:6)
  41 killer bees
  6 wights
  5 howler monkeys
  A quasit (Lair:4)
  3 hounds
  A jelly (D:4)
  2 centaur zombies
  12 orc priests
  A bullfrog skeleton (D:5)
  A centaur skeleton (D:6)
  5 iguanas
  9 orc wizards
  12 hell rats
  A hound zombie (D:5)
  A hound skeleton (D:5)
  A howler monkey skeleton (D:5)
  7 gnolls
  A river rat (Sewer)
  9 adders
  2 shadow imps
  A white imp (D:7)
  A worm (D:3)
  6 dart slugs
  41 orcs
  10 ball pythons
  10 endoplasms
  5 giant cockroaches
  12 goblins
  4 hobgoblins
  6 jackals
  34 kobolds
  2 quokkas
  11 bats
  7 frilled lizards
  19 rats
  8 bushes (D:10)
701 creatures vanquished.

Vanquished Creatures (collateral kills)
  3 elephants (Lair:4)
  A guardian serpent (Lair:6)
  4 yaks
  A wyvern (D:9)
  A hell hound (D:13)
  An orc warrior (Orc:2)
  A centaur (D:9)
  A scorpion (D:5)
  A bullfrog zombie (D:5)
  A jelly (D:5)
15 creatures vanquished.

Vanquished Creatures (others)
  A dancing weapon (D:13)
  A killer bee (Lair:5)
  2 orcs (Orc:2)
  40 fungi
  133 plants
  2 withered plants (D:7)
179 creatures vanquished.

Grand Total: 895 creatures vanquished

Notes
Turn   | Place    | Note
-------+----------+-------------------------------------------
     0 | D:1      | noodleboyJ the Draconian Chaos Knight began the quest for
                  | the Orb.
     0 | D:1      | Reached XP level 1. HP: 19/19 MP: 1/1
    65 | D:1      | XOM: smoke on damage
   155 | D:1      | Reached XP level 2. HP: 26/26 MP: 2/2
   213 | D:1      | Identified a scroll of acquirement
   213 | D:1      | Acquired the +1 kite shield "Afynaocw" {Str+4}
   260 | D:1      | XOM: silly message
   419 | D:1      | XOM: silly message
   559 | D:1      | Reached XP level 3. HP: 33/33 MP: 3/3
   944 | D:2      | XOM: 2-stop teleportation journey
   973 | D:2      | Reached skill level 1 in Shields
  1044 | D:2      | Found a faded altar of an unknown god.
  1056 | D:2      | XOM: silly message
  1234 | D:2      | XOM: god gift: 15 gold pieces
  1239 | D:2      | XOM: divination: detect creatures
  1287 | D:2      | Reached XP level 4. HP: 37/40 MP: 4/4
  1652 | D:3      | XOM: stealth player
  1701 | D:3      | Noticed a necrophage
  1702 | D:3      | XOM: silly message
  1712 | D:3      | XOM: divination: detect creatures
  1722 | D:3      | Killed a necrophage
  1723 | D:3      | Reached skill level 1 in Stealth
  1723 | D:3      | Reached XP level 5. HP: 9/46 MP: 5/5
  1791 | D:3      | Reached skill level 2 in Shields
  2094 | D:3      | XOM: confuse monster(s)
  2119 | D:3      | XOM: silly message
  2142 | D:3      | Found Coicis's Antique Weapon Shoppe.
  2517 | D:4      | XOM: scenery: summon butterflies
  2522 | D:4      | Reached skill level 5 in Polearms
  2522 | D:4      | Reached XP level 6. HP: 43/52 MP: 6/6
  2540 | D:4      | XOM: polymorph butterfly -> shapeshifter
  2612 | D:4      | Noticed Menkaure
  2640 | D:4      | XOM: cast spell 'Disjunction'
  2649 | D:4      | Killed Menkaure
  2650 | D:4      | Reached skill level 3 in Shields
  2658 | D:4      | Found a staircase to the Ecumenical Temple.
  2658 | D:4      | Found a glowing drain.
  2658 | D:4      | XOM: 2-stop teleportation journey
  2667 | Sewer    | Entered a sewer
  2747 | Sewer    | XOM: silly message
  2847 | Sewer    | XOM: 1-stop teleportation journey
  2913 | Sewer    | XOM: give mutations
  2913 | Sewer    | Gained mutation: You are frail. (-10% HP) [Xom's mischief]
  2913 | Sewer    | Gained mutation: You have supernaturally acute eyesight.
                  | (SInv) [Xom's mischief]
  2913 | Sewer    | Gained mutation: Your system is resistant to poisons.
                  | (rPois) [Xom's mischief]
  3024 | Sewer    | XOM: confusion
  3357 | D:4      | Your scales start taking on an icy white colour.
  3357 | D:4      | Reached XP level 7. HP: 53/53 MP: 7/7
  3357 | D:4      | Gained mutation: Your flesh is cold resistant. (rC+) [White
                  | Draconian growth]
  3678 | D:4      | Lost mutation: Your system is resistant to poisons. (rPois)
                  | [potion of mutation]
  3678 | D:4      | Lost mutation: You have supernaturally acute eyesight.
                  | (SInv) [potion of mutation]
  3678 | D:4      | Gained mutation: You are dopey. (Int -2) [potion of
                  | mutation]
  3678 | D:4      | Gained mutation: You are somewhat resistant to further
                  | mutation. [potion of mutation]
  3679 | D:4      | Lost mutation: You are frail. (-10% HP) [potion of
                  | mutation]
  3679 | D:4      | Lost mutation: You are somewhat resistant to further
                  | mutation. [potion of mutation]
  3679 | D:4      | Gained mutation: You are clumsy. (Dex -2) [potion of
                  | mutation]
  3764 | D:4      | XOM: potion effect (might)
  3767 | D:4      | Reached skill level 4 in Shields
  3773 | D:4      | Found a radiant altar of Vehumet.
  3935 | D:5      | Entered Level 5 of the Dungeon
  4203 | D:5      | XOM: enchant monster (good)
  4368 | D:5      | XOM: potion effect (berserk rage)
  4417 | D:5      | Found Jiddatu's General Store.
  4507 | D:5      | Reached XP level 8. HP: 51/67 MP: 8/8
  4621 | D:5      | Reached skill level 5 in Shields
  4671 | D:5      | XOM: cloud trail
  4797 | D:5      | XOM: polymorph hound -> giant cockroach
  4902 | D:5      | XOM: cast spell 'Summon Ice Beast'
  4907 | D:5      | Reached skill level 5 in Fighting
  5009 | D:3      | Bought a bloodstained spear for 184 gold pieces
  5009 | D:3      | Identified the +8 spear of Ublumaat {venom, rPois rN+} (You
                  | bought it in a shop on level 3 of the Dungeon)
  5042 | D:5      | Found Quniw's Assorted Antiques.
  5217 | D:5      | Reached XP level 9. HP: 71/74 MP: 9/9
  5226 | D:5      | XOM: cleaving
  5227 | D:5      | Reached skill level 6 in Shields
  5227 | D:5      | XOM: silly message
  5229 | D:5      | XOM: smoke on damage
  5268 | D:5      | Found a sacrificial altar of Ru.
  5316 | D:5      | Found Bobaog's Distillery.
  5523 | D:6      | Reached skill level 5 in Dodging
  5524 | D:6      | XOM: cloud trail
  5560 | D:6      | Noticed an unseen horror
  5568 | D:6      | Killed an unseen horror
  5652 | D:6      | Found a runed translucent door.
  5652 | D:6      | Found a shimmering altar of Xom.
  5652 | D:6      | Noticed a +1 spear of chaos
  5652 | D:6      | Noticed MikuNakano's ghost (novice OpFi)
  5914 | D:6      | XOM: butterfly on damage
  5916 | D:6      | Reached skill level 7 in Shields
  5948 | D:6      | Found a sparkling altar of Nemelex Xobeh.
  5951 | D:6      | Found a shimmering blue altar of Sif Muna.
  5954 | D:6      | Found an ornate altar of the Wu Jian Council.
  5954 | D:6      | Found a white marble altar of Elyvilon.
  5960 | D:6      | Found a basalt altar of Yredelemnul.
  6051 | D:6      | Noticed Pikel
  6059 | D:6      | XOM: noise
  6062 | D:6      | Killed Pikel
  6063 | D:6      | Reached skill level 10 in Polearms
  6063 | D:6      | Reached XP level 10. HP: 83/83 MP: 10/10
  6185 | D:6      | Found a burning altar of Makhleb.
  6374 | D:7      | Found a runed translucent door.
  6374 | D:7      | Noticed avis's ghost (novice HOMo)
  6600 | D:7      | XOM: confuse monster(s)
  6600 | D:7      | Noticed a gargoyle
  6609 | D:7      | XOM: divination: detect items
  6611 | D:7      | XOM: divination: detect items
  6629 | D:6      | Killed a gargoyle
  6865 | D:7      | Found a broken altar of Ashenzari.
  7033 | D:7      | XOM: give mutations
  7033 | D:7      | Gained mutation: You are weak. (Str -2) [Xom's mischief]
  7033 | D:7      | Gained mutation: You are very weak. (Str -4) [Xom's
                  | mischief]
  7111 | D:7      | Found an opulent altar of Gozag.
  7184 | D:7      | XOM: silly message
  7552 | D:8      | XOM: scenery: create altars
  7605 | D:8      | Noticed Harold
  7626 | D:8      | Killed Harold
  7670 | D:8      | XOM is BORED!
  7685 | D:8      | XOM: 2-stop teleportation journey
  7721 | D:8      | XOM: summons 3 friendly demons
  7866 | D:8      | XOM: 1-stop teleportation journey
  7921 | D:8      | XOM: divination: detect items
  8079 | D:8      | XOM: silly message
  8178 | D:8      | Noticed Maggie
  8178 | D:8      | XOM: enchant monster (good)
  8187 | D:8      | Reached skill level 8 in Shields
  8190 | D:8      | XOM: summons friendly iron imp
  8195 | D:8      | Killed Maggie
  8305 | D:9      | Noticed a two-headed ogre
  8324 | D:9      | Killed a two-headed ogre
  8343 | D:9      | XOM: 2-stop teleportation journey
  8458 | D:9      | Noticed a two-headed ogre
  8465 | D:9      | Noticed an anaconda
  8465 | D:9      | a two-headed ogre changed into an anaconda
  8465 | D:9      | XOM: polymorph two-headed ogre -> anaconda
  8471 | D:9      | XOM: divination: detect creatures
  8476 | D:9      | Killed an anaconda
  8477 | D:9      | Reached XP level 11. HP: 67/91 MP: 11/11
  8629 | D:9      | XOM: potion effect (haste)
  8696 | D:9      | XOM: potion effect (haste)
  8727 | D:9      | Noticed a centaur warrior
  8808 | D:9      | Killed a centaur warrior
  8829 | D:9      | Noticed a tengu warrior
  8953 | D:9      | Noticed a two-headed ogre
  8958 | D:9      | XOM: potion effect (berserk rage)
  8964 | D:9      | Killed a two-headed ogre
  8965 | D:9      | Reached skill level 9 in Shields
  9142 | D:9      | XOM: silly message
  9168 | D:9      | XOM: divination: detect items
  9218 | D:9      | XOM: potion effect (brilliance)
  9244 | D:9      | Killed a tengu warrior
  9399 | D:9      | XOM: divination: detect items
  9413 | D:9      | XOM: enchant monster (good)
  9432 | D:9      | Reached skill level 5 in Stealth
  9489 | D:9      | XOM: potion effect (brilliance)
  9492 | D:9      | XOM: summons 11 friendly demons
  9549 | D:9      | Found a stormy altar of Qazlal.
  9619 | D:9      | XOM: enchant monster (good)
  9706 | D:9      | Noticed a sixfirhy
  9830 | D:10     | Entered Level 10 of the Dungeon
  9905 | D:10     | Reached skill level 10 in Shields
  9946 | D:10     | Found a flagged portal.
  9966 | Bailey   | Entered a bailey
  9966 | Bailey   | Noticed an orc knight
  9973 | Bailey   | Noticed an orc knight
  9988 | Bailey   | XOM: cast spell 'Statue Form'
 10051 | Bailey   | XOM: divination: magic mapping
 10060 | Bailey   | XOM: cast spell 'Statue Form'
 10071 | Bailey   | Killed an orc knight
 10084 | Bailey   | Killed an orc knight
 10150 | Bailey   | Noticed an orc knight
 10174 | Bailey   | XOM: enchant monster (bad)
 10177 | Bailey   | Killed an orc knight
 10178 | Bailey   | Reached XP level 12. HP: 53/101 MP: 12/12
 10332 | D:10     | Identified the +6 spear of Benevolence {antimagic, rPois
                  | rF++}
 10555 | D:10     | Found a hazy altar of Hepliaklqana.
 10675 | D:10     | Found a blossoming altar of Fedhas.
 10925 | D:10     | XOM: divine lightning
 11090 | D:10     | XOM is BORED!
 11122 | D:10     | XOM: give mutations
 11122 | D:10     | Gained mutation: Your natural rate of healing is unusually
                  | fast. [Xom's grace]
 11122 | D:10     | Gained mutation: You have a somewhat thin skeletal
                  | structure. (Dex +2, Stealth+) [Xom's grace]
 11585 | D:11     | XOM: summons 12 friendly demons
 11635 | D:11     | Noticed a boulder beetle
 12069 | D:11     | Found a staircase to the Lair.
 12092 | D:11     | XOM: god gift: metallic golden potion {god gift}
 12124 | D:11     | Identified the +1 robe "Xywif" {Dex+2}
 12374 | D:11     | Killed a boulder beetle
 12375 | D:11     | Reached skill level 11 in Shields
 12394 | D:11     | XOM: summons 4 hostile shadow creatures
 12565 | Lair:1   | Entered Level 1 of the Lair of Beasts
 12606 | Lair:1   | XOM: divination: detect creatures
 12610 | Lair:1   | XOM: confuse monster(s)
 12615 | Lair:1   | XOM: swap monsters
 12689 | Lair:1   | Identified the ring of Fyagaes {Drain +Blink rF++ rC+
                  | Dex+6} (Xom gifted it to you on level 1 of the Lair of
                  | Beasts)
 12689 | Lair:1   | XOM: god gift: ring of Fyagaes {Drain +Blink rF++ rC+
                  | Dex+6}
 12723 | Lair:1   | XOM: swap monsters
 12828 | Lair:1   | Found a transporter.
 12829 | Lair:1   | Found a bloodstained altar of Trog.
 12830 | Lair:1   | Noticed Zihiad's ghost (journeyman DgTm)
 12840 | Lair:1   | Found a transporter.
 12966 | Lair:1   | XOM: summons 1 hostile demon
 13363 | Lair:2   | XOM: 1-stop teleportation journey
 13459 | Lair:2   | XOM: give mutations
 13459 | Lair:2   | Lost mutation: You are very weak. (Str -4) [Xom's mischief]
 13459 | Lair:2   | Lost mutation: You are dopey. (Int -2) [Xom's mischief]
 13459 | Lair:2   | Gained mutation: You sometimes lose the ability to read
                  | scrolls when taking damage. [Xom's mischief]
 13459 | Lair:2   | Gained mutation: You expend magic power (3 MP) to
                  | strengthen your wands. [Xom's mischief]
 13483 | Lair:2   | XOM: 2-stop teleportation journey
 13585 | Lair:2   | XOM is BORED!
 13587 | Lair:2   | Found a staircase to the Snake Pit.
 13611 | Lair:2   | XOM: potion effect (experience)
 13611 | Lair:2   | Reached skill level 12 in Shields
 13611 | Lair:2   | Reached XP level 13. HP: 108/108 MP: 13/13
 13615 | Lair:2   | XOM: give mutation
 13615 | Lair:2   | Gained mutation: Your body sometimes deteriorates upon
                  | taking damage. [Xom's mischief]
 13666 | Lair:2   | XOM: blink monster(s)
 13702 | Lair:2   | Found a staircase to the Swamp.
 13794 | Lair:2   | XOM: swap monsters
 13837 | Lair:2   | Noticed Fannar
 13837 | Lair:2   | XOM: cleaving
 13861 | Lair:2   | Killed Fannar
 14171 | Lair:3   | XOM: divination: detect items
 14334 | Lair:3   | XOM: swap monsters
 14372 | Lair:3   | XOM: polymorph komodo dragon -> adder
 14449 | Lair:3   | XOM: silly message
 14849 | Lair:3   | Reached XP level 14. HP: 63/118 MP: 14/14
 15227 | D:6      | XOM is BORED!
 15227 | D:6      | XOM: noise
 15537 | Lair:4   | Lost mutation: Your body sometimes deteriorates upon taking
                  | damage. [potion of mutation]
 15537 | Lair:4   | Lost mutation: You are clumsy. (Dex -2) [potion of
                  | mutation]
 15537 | Lair:4   | Gained mutation: Your mind is acute. (Int +2) [potion of
                  | mutation]
 15537 | Lair:4   | Gained mutation: Your magical capacity is low. (-10% MP)
                  | [potion of mutation]
 15544 | Lair:4   | XOM: enchant monster (bad)
 15575 | Lair:4   | Reached skill level 13 in Shields
 15594 | Lair:4   | XOM: draining
 15605 | Lair:4   | XOM: polymorph hell rat -> quasit
 15615 | Lair:4   | XOM: cast spell 'Summon Small Mammal'
 15631 | Lair:4   | Found an ancient bone altar of Kikubaaqudgha.
 15736 | Lair:4   | XOM: scenery: 1 doors close
 15955 | Lair:4   | XOM: summons friendly iron imp
 16282 | Lair:4   | XOM is BORED!
 16332 | Lair:4   | XOM: give mutations
 16332 | Lair:4   | Gained mutation: You have supernaturally acute eyesight.
                  | (SInv) [Xom's grace]
 16332 | Lair:4   | Gained mutation: You are robust. (+10% HP) [Xom's grace]
 16332 | Lair:4   | Gained mutation: You have large cloven feet. [Xom's grace]
 16551 | Lair:5   | Found a dark tunnel.
 16559 | Volcano  | Entered a volcano
 16632 | Volcano  | XOM: potion effect (experience)
 16632 | Volcano  | Reached XP level 15. HP: 134/137 MP: 9/17
 16642 | Volcano  | XOM: scenery: summon butterflies
 16644 | Volcano  | XOM: summons friendly ufetubus
 16649 | Volcano  | XOM: smoke on damage
 17018 | Lair:5   | XOM: 2-stop teleportation journey
 17048 | Lair:5   | XOM: blink monster(s)
 17052 | Lair:5   | XOM: confuse monster(s)
 17090 | Lair:5   | XOM: cleaving
 17112 | Lair:5   | XOM: divination: detect creatures
 17165 | Lair:5   | XOM: polymorph killer bee -> steam dragon
 17220 | Lair:5   | XOM: summons friendly white imp
 17223 | Lair:5   | XOM: polymorph white imp -> crimson imp
 17224 | Lair:5   | XOM: enchant monster (bad)
 17228 | Lair:5   | XOM: potion effect (heal wounds)
 17229 | Lair:5   | XOM: fake destruction
 17239 | Lair:5   | Identified the ring "Zaboco" {rPois rF+ rC+ rCorr Dex-3}
 17244 | Lair:5   | Reached skill level 14 in Shields
 17247 | Lair:5   | XOM: scenery: summon butterflies
 17257 | Lair:5   | XOM: snakes to sticks
 17410 | Lair:5   | Identified the +5 short sword of Subjectivity {elec, rF++
                  | Dex+2}
 17564 | Lair:5   | Found a shimmering altar of Xom.
 17719 | Lair:5   | XOM: god gift: 3 atropa-tipped darts
 17765 | Lair:5   | XOM: cast spell 'Necromutation'
 17822 | Lair:5   | XOM: polymorph black mamba -> bullfrog
 17837 | Lair:5   | XOM: potion effect (invisibility)
 17865 | Lair:5   | XOM: cloud trail
 17967 | Lair:5   | XOM: polymorph yak -> shapeshifter
 17993 | Lair:5   | XOM: confuse monster(s)
 18062 | Lair:5   | Found a staircase to the Slime Pits.
 18063 | Lair:5   | Acquired a +2 hat
 18129 | Lair:5   | XOM: noise
 18298 | Lair:5   | XOM: 8-stop teleportation journey
 18654 | Lair:6   | Entered Level 6 of the Lair of Beasts
 18666 | Lair:6   | XOM: scenery: create altars
 18692 | Lair:6   | XOM: cast spell 'Shadow Creatures'
 18761 | Lair:6   | XOM: cleaving
 18788 | Lair:6   | Reached skill level 10 in Fighting
 18915 | Lair:6   | XOM: cast spell 'Dispersal'
 18925 | Lair:6   | XOM: destruction
 18950 | Lair:6   | XOM: swap monsters
 19038 | Lair:6   | XOM: summons friendly crimson imp
 19049 | Lair:6   | XOM: noise
 19078 | Lair:6   | XOM: 1-stop teleportation journey
 19091 | Lair:6   | XOM: summons 3 hostile demons
 19132 | Lair:6   | XOM: blink monster(s)
 19181 | Lair:6   | XOM: enchant monster (good)
 19184 | Lair:6   | XOM: cast spell 'Monstrous Menagerie'
 19199 | Lair:6   | Reached skill level 15 in Polearms
 19237 | Lair:6   | Reached skill level 15 in Shields
 19289 | Lair:6   | XOM: confuse monster(s)
 19297 | Lair:6   | XOM: summons friendly white imp
 19298 | Lair:6   | XOM: scenery: summon butterflies
 19301 | Lair:6   | XOM: confuse monster(s)
 19336 | Lair:6   | Reached XP level 16. HP: 147/147 MP: 18/18
 19644 | Lair:6   | XOM: noise
 19888 | Lair:6   | XOM: noise
 20002 | Lair:6   | XOM: summons 4 hostile demons
 20011 | Lair:6   | XOM: swap monsters
 20101 | Lair:6   | XOM: give mutations
 20101 | Lair:6   | Lost mutation: Your natural rate of healing is unusually
                  | fast. [Xom's mischief]
 20101 | Lair:6   | Lost mutation: You are robust. (+10% HP) [Xom's mischief]
 20101 | Lair:6   | Lost mutation: You sometimes lose the ability to read
                  | scrolls when taking damage. [Xom's mischief]
 20152 | Lair:6   | XOM: polymorph four-headed hydra -> four-headed hydra
 20209 | Lair:6   | XOM: fake destruction
 20380 | D:12     | XOM: swap monsters
 20406 | D:12     | XOM: swap monsters
 20439 | D:12     | XOM: swap monsters
 20488 | D:12     | Found a staircase to the Orcish Mines.
 20645 | D:12     | XOM: smoke on damage
 20916 | D:12     | XOM: stat loss: -1 Str (21/22)
 20923 | D:12     | XOM: confuse monster(s)
 20964 | D:12     | Found a portal to a secret trove of treasure.
 21303 | D:13     | Noticed Rupert
 21312 | D:13     | Found Afuebigok's General Store.
 21312 | D:13     | XOM: 5-stop teleportation journey
 21492 | D:13     | Noticed Nessos
 21511 | D:13     | Killed Nessos
 21640 | D:13     | XOM: smoke on damage
 21642 | D:13     | HP: 1/136 [poisoned by Rupert]
 21664 | D:13     | Paralysed by Rupert for 2 turns
 21665 | D:13     | Killed Rupert
 21738 | D:13     | XOM: scenery: create altars
 21790 | D:13     | XOM: scenery: create altars
 21793 | D:13     | XOM: god gift: 18 bolts
 21850 | D:13     | Noticed Azrael
 21852 | D:13     | XOM: destruction
 21895 | D:13     | Killed Azrael
 22030 | D:13     | XOM: summons friendly iron imp
 22047 | D:13     | XOM: 1-stop teleportation journey
 22374 | D:14     | Lost mutation: Your magical capacity is low. (-10% MP)
                  | [potion of mutation]
 22374 | D:14     | Lost mutation: You are weak. (Str -2) [potion of mutation]
 22374 | D:14     | Gained mutation: Your spells are a little harder to cast,
                  | but a little more powerful. [potion of mutation]
 22374 | D:14     | Gained mutation: You are agile. (Dex +2) [potion of
                  | mutation]
 22462 | Orc:1    | Entered Level 1 of the Orcish Mines
 22475 | Orc:1    | Paralysed by an orc sorcerer for 6 turns
 22481 | Orc:1    | XOM: summons friendly shadow imp
 22493 | Orc:1    | Reached skill level 1 in Throwing
 22516 | Orc:2    | Entered Level 2 of the Orcish Mines
 22530 | Orc:2    | XOM: divine lightning
 22559 | Orc:2    | XOM: noise
 22572 | Orc:2    | Reached skill level 10 in Dodging
 22576 | Orc:2    | XOM: confusion (+ monsters)
 22581 | Orc:2    | XOM: enchant monster (bad)
 22643 | Orc:2    | Paralysed by an orc sorcerer for 6 turns
 22653 | Orc:2    | XOM: polymorph orc warrior -> bat
 22778 | Orc:1    | XOM: summons 3 hostile shadow creatures
 22936 | Orc:1    | XOM: 2-stop teleportation journey
 22949 | Orc:1    | Found a frozen archway.
 22960 | IceCv    | Entered an ice cave
 23053 | IceCv    | Learned a level 1 spell: Apportation
 23057 | IceCv    | Learned a level 3 spell: Inner Flame
 23085 | IceCv    | Reached skill level 16 in Shields
 23093 | IceCv    | XOM: swap monsters
 23212 | IceCv    | XOM: silly message
 23217 | IceCv    | XOM: give mutations
 23217 | IceCv    | Lost mutation: Your spells are a little harder to cast, but
                  | a little more powerful. [Xom's mischief]
 23217 | IceCv    | Gained mutation: You have a pair of small horns on your
                  | head. [Xom's mischief]
 23313 | IceCv    | XOM: give mutations
 23313 | IceCv    | Lost mutation: You have a somewhat thin skeletal structure.
                  | (Dex +2, Stealth+) [Xom's mischief]
 23313 | IceCv    | Gained mutation: Your body sometimes deteriorates upon
                  | taking damage. [Xom's mischief]
 23313 | IceCv    | Lost mutation: You have a pair of small horns on your head.
                  | [Xom's mischief]
 23313 | IceCv    | Lost mutation: You have large cloven feet. [Xom's mischief]
 23323 | IceCv    | Reached skill level 1 in Fire Magic
 23398 | IceCv    | XOM: swap monsters
 23400 | IceCv    | XOM: blink monster(s)
 23408 | IceCv    | XOM: silly message
 23423 | IceCv    | HP: 7/204 [polar bear (6)]
 23424 | IceCv    | Demolished by a frost giant

Illustrated notes

Levels and vault maps discovered:
D:1:      onia_arrival_handbag, layout_loops_ring
D:2:      layout_basic, hellmonk_ecumenical_altar_run_dry, supply_closet_lemuel
D:3:      layout_rooms, serial_shops, shop, st_stairs_4, hangedman_decor_push
D:4:      layout_rooms, lemuel_doored_altar, minmay_temple_entry_glass,
          portal_sewer_entry_b, minmay_misc_feat_tiny, uniq_menkaure
D:5:      layout_loops_cross, kennysheep_mini_moat, serial_shops, shop_statue,
          shop, shop_statue, minmay_divided_ellipse
D:6:      layout_loops_ring, minitemple, general_overflow_altar,
          ebering_ghost_xom, uniq_pikel
D:7:      layout_basic, evilmike_ruin_ashenzari,
          nicolae_gozag_cash_rules_everything_around_me, gammafunk_ghost_grave,
          minmay_manual_maat
D:8:      layout_basic, uniq_maggie, uniq_harold
D:9:      nzn_winding_woodlands_small [nzn_winding_woodlands_5x15_pool,
          nzn_winding_woodlands_center_lodge,
          nzn_winding_woodlands_5x15_split_checker], layout_stronghold,
          lemuel_round_altar, corexii_leaking_fountain, grunt_ministairs_1
D:10:     layout_loops_ring, nzn_hepliaklqana_mist_gate, tgw_fedhas,
          enter_bailey_3
D:11:     layout_rooms, erik_lair_dragon, serial_corexii_hall,
          corexii_hall_statues_l, chequers_hall_statues_corner_a,
          corexii_hall_statues_l, hangedman_abyss_or_decor_clamps
D:12:     layout_basic, minmay_orc_entry_guard_dogs,
          nicolae_trove_entry_crossroad
D:13:     layout_small_grid, serial_shops, nicolae_shop_statue_plus,
          minmay_three_doors, uniq_nessos, uniq_azrael, uniq_rupert
D:14:     layout_loops_cross, david_vaults_1
Lair:1:   layout_chaotic_city, gammafunk_ghost_wrathful_warriors,
          grunt_megastairs_2
Lair:2:   layout_regular_city, minmay_swamp_entry_swarm,
          guppyfry_snake_entry_garden, uniq_fannar
Lair:3:   layout_regular_city, lemuel_fruit_tree
Lair:4:   layout_regular_city, basic_altar, chequers_serial_rivers_small_b
Lair:5:   regret_index_combs_of_tragedy, layout_hall_layers,
          dpeg_slime_entry_corner, basic_altar, enter_volcano_2,
          beast_lair_carwin_5
Lair:6:   hangedman_lair_tendril_chambers, layout_gridlike,
          guppyfry_lair_end_dragon
Orc:1:    layout_caves, portal_ice_cave_rime, serial_shops, shop
Orc:2:    st_orc_rangers, layout_caves, maelrawn_ghost_gauntlet_escape
IceCv:    ice_cave_caverns_03

Skill      XL: |  1  2  3  4  5  6  7  8  9 10 11 12 13 14 15 16 |
---------------+-------------------------------------------------+-----
Shields        | 1 2 3 4 5 7 8 10 12 13 15 16 | 16.0
Polearms       | 4 5 6 8 10 11 12 14 15 | 15.5
Fighting       | 4 5 6 7 8 9 10 | 10.8
Stealth        | 1 2 3 4 5 6 7 8 9 |  9.3
Dodging        | 3 4 5 6 7 8 9 10 | 10.0
Spellcasting   | 2 |  2.9
Evocations     | 3 |  3.5
Throwing       | 2 |  2.1
Fire Magic     | 1 |  1.0
Hexes          | |  0.8

Action                   |  1- 3 |  4- 6 |  7- 9 | 10-12 | 13-15 | 16-18 || total
-------------------------+-------+-------+-------+-------+-------+-------++-------
Melee: Spear             |   132 |   168 |   297 |  1232 |  1234 |   819 ||  3882
       Tailslap          |     5 |     9 |    43 |   199 |   257 |   160 ||   673
       Headbutt          |       |       |       |       |       |    24 ||    24
Throw: Javelin           |       |     6 |       |     1 |       |     1 ||     8
       Throwing net      |       |       |       |       |       |     1 ||     1
 Abil: Breathe Frost     |       |       |    11 |    47 |    11 |     9 ||    78
Evoke: Wand              |       |       |       |     4 |     1 |     2 ||     7
  Use: Scroll            |     6 |     4 |     5 |     5 |     4 |     6 ||    30
       Potion            |     2 |     4 |     4 |     1 |     1 |     9 ||    21
 Stab: Sleeping          |     3 |     3 |     9 |    10 |    16 |    13 ||    54
       Confused          |       |     2 |       |     9 |    16 |     8 ||    35
       Distracted        |       |       |       |     3 |     9 |     5 ||    17
       Paralysed         |       |       |       |     1 |       |       ||     1
       Petrified         |       |       |       |       |     4 |       ||     4
Armor: Skin              |    22 |    52 |    49 |   136 |   207 |   216 ||   682
Dodge: Dodged            |    37 |    55 |    59 |   185 |   450 |   339 ||  1125
Block: Kite shield       |    26 |    78 |   102 |   291 |   667 |   472 ||  1636

Table legend: (Time is in decaauts)
 A = Elapsed time spent in this place.
 B = Non-inter-level travel time spent in this place.
 C = Inter-level travel time spent in this place.
 D = Time resting spent in this place.
 E = Time spent auto-exploring this place.
 F = Levels seen in this place.
 G = Mean time per level.
                   A        B        C        D        E       F      G
               +--------+--------+--------+--------+--------+-----+--------+
         Total |  22123 |  20529 |   1594 |   1280 |  13901 |  26 |  850.9 |
       Dungeon |  13720 |  12556 |   1164 |    895 |   8724 |  14 |  980.0 |
          Lair |   6179 |   5757 |    422 |     79 |   4192 |   6 | 1029.8 |
  Orcish Mines |    445 |    437 |      8 |      0 |    176 |   2 |  222.5 |
         Sewer |    715 |    715 |      0 |    218 |    311 |   1 |  715.0 |
        Bailey |    271 |    271 |      0 |     37 |     56 |   1 |  271.0 |
      Ice Cave |    369 |    369 |      0 |     12 |    182 |   1 |  369.0 |
       Volcano |    422 |    422 |      0 |     39 |    259 |   1 |  422.0 |
               +--------+--------+--------+--------+--------+-----+--------+

Top non-repeatable levels by time:
  Lair:5: 1533 daAuts
     D:9: 1473 daAuts
    D:10: 1328 daAuts
  Lair:6: 1306 daAuts
     D:5: 1222 daAuts
     D:7: 1204 daAuts
    D:11: 1177 daAuts
     D:4: 1082 daAuts
    D:13: 1048 daAuts
     D:6: 1003 daAuts
  Lair:4: 904 daAuts
     D:1: 901 daAuts
     D:3: 867 daAuts
  Lair:2: 851 daAuts
  Lair:3: 836 daAuts
